[Event "ONJK 2024 ABC"]
[Site "Velp, Netherlands"]
[Date "2024.08.07"]
[Round "8.20"]
[White "Zeenni, Joseph"]
[Black "Maes, Lander"]
[Result "1-0"]
[TimeControl "90 minutes + 30 seconds"]
[WhiteElo "1688"]
[BlackElo "1645"]

1. e4 c5 2. Nf3 d6 3. d4 cxd4 4. Nxd4 Nf6 5. Nc3 g6 6. Be3 Bg7 7. f3 O-O 8. Qd2 Nc6 9. Nb3 Bd7 10. Bh6 Re8 11. Bxg7 Kxg7 12.
Be2 a6 13. O-O Rc8 14. Kh1 h5 15. Qg5 Ne5 16. f4 Nc4 17. Bxc4 Rxc4 18. Rae1 b5 19. a3 Bc8 20. Nd2 Rc5 21.
Qg3 Bb7 22. Nb3 Rc8 23. Nd4 Kh7 24. e5 dxe5 25. fxe5 Qxd4 26. exf6 exf6 27. Rd1 Qb6 28. Rd6 Qc7 29. Rfxf6 Rcd8 30.
Rxd8 Qxd8 31. Rxf7+ Kh8 32. Rxb7 Qd2 33. h3 Re1+ 34. Kh2 Re8 35. Qxg6 Qf4+ 36. Qg3 Qxg3+ 37. Kxg3 1-0

[Event "ONJK 2024 ABC"]
[Site "Velp, Netherlands"]
[Date "2024.08.08"]
[Round "9.1"]
[White "Hesse, Lucas"]
[Black "Elferink, Leon"]
[Result "0-1"]
[TimeControl "90 minutes + 30 seconds"]
[WhiteElo "1708"]
[BlackElo "1900"]

1. e4 e5 2. Nf3 Nc6 3. Bc4 Bc5 4.
c3 Nf6 5. d4 exd4 6. cxd4 Bb4+ 7. Bd2 Bxd2+ 8. Nbxd2 d5 9. exd5 Nxd5 10. Bb5 Nde7 11. O-O O-O 12. Re1 a6 13. Ba4 Bg4 14.
Qc2 Rc8 15. Bxc6 Nxc6 16. Qe4 Be6 17. Rac1 Bd5 18. Qd3 Nb4 19. Qa3 a5 20. Nf1 Bxf3 21. Qxf3 Qxd4 22. Qxb7 Nd3 23. Red1 Qxf2+ 24. Kh1 Nxc1 25. Rxc1 Rb8 26. Qxc7 Rxb2 27. Qc6 Rxa2 28. Ng3 h6 29. Rf1 Qc2 30. Qf3 Rb2 31. Nf5 Qe2 0-1

[Event "ONJK 2024 ABC"]
[Site "Velp, Netherlands"]
[Date "2024.08.08"]
[Round "9.2"]
[White "Musabayeva, Diana"]
[Black "Faybish, Dana"]
[Result "1-0"]
[TimeControl "90 minutes + 30 seconds"]
[WhiteElo "1871"]
[BlackElo "1707"]

1. e4 c5 2. Nf3 d6 3. d4 cxd4 4.
Nxd4 Nf6 5. Nc3 g6 6. f3 Bg7 7. Be3 a6 8. Qd2 h5 9. O-O-O b5 10. Bd3 Bb7 11. a3 Nbd7 12. h3 h4 13.
f4 Nc5 14. e5 dxe5 15. fxe5 Nfe4 16. Qe1 Qc7 17. e6 fxe6 18. Nxe4 Nxd3+ 19. Rxd3 Bxe4 20. Nxe6 Qe5 21. Nxg7+ Qxg7 22.
Bd4 Qh6+ 23. Rd2 Bxg2 24. Bxh8 Bxh1 25. Qxh1 Rd8 26. Bc3 Qe3 27. Kd1 Rc8 28. Rd3 Qf2 29. Qb7 Qg1+ 30. Be1 Qc5 31.
Qd7+ Kf8 32. Rc3 Qh5+ 33. Kc1 Qg5+ 34. Qd2 Qf5 35. Rxc8+ Qxc8 36. Qh6+ Kf7 37. Qh7+ Ke8 38. Qg8+ Kd7 39.
Qxc8+ Kxc8 40. Bxh4 Kd7 41. Kd2 e6 42. Ke3 Kd6 43. Ke4 a5 44. Bg3+ Ke7 45. Be1 a4 46. Kd4 Kf6 47. Ke4 Ke7 48.
Ke5 Kf7 49. Bb4 g5 50. Bc5 Kg6 51. Kxe6 Kh5 52. Bf2 1-0

[Event "ONJK 2024 ABC"]
[Site "Velp, Netherlands"]
[Date "2024.08.08"]
[Round "9.3"]
[White "Ganeshram, Nirupa"]
[Black "Leenen, Boyd"]
[Result "0-1"]
[TimeControl "90 minutes + 30 seconds"]
[WhiteElo "1695"]
[BlackElo "1921"]

1. e4 e5 2. Nf3 Nc6 3. Bc4 Bc5 4. b4 Bxb4 5. c3 Ba5 6. d4 exd4 7. Qb3 Qe7 8. O-O d6 9. Ba3 Bb6 10.
Nbd2 Na5 11. Qc2 Nxc4 12. Nxc4 Be6 13. cxd4 Bxc4 14. Qxc4 Qd7 15. Qd5 O-O-O 16. Ng5 Nh6 17. Bb2 Rhe8 18.
Rfe1 f6 19. Nf3 Kb8 20. a4 c6 21. Qb3 Ba5 22. Bc3 Bxc3 23. Qxc3 Nf7 24. a5 a6 25. Rab1 d5 26. e5 fxe5 27.
dxe5 Ka8 28. Qb3 Re6 29. Re2 Rde8 30. Rbe1 Qc7 31. Qc3 R8e7 32. h3 h6 33. Qc5 g5 34. g4 Re8 35. Kg2 Qe7 36.
Qd4 Nh8 37. Re3 Ng6 38. Kg3 Qf8 39. Rb3 Qf4+ 40. Qxf4 gxf4+ 41. Kg2 Ka7 42. h4 c5 43. h5 Nxe5 44. Nxe5 Rxe5 45. Reb1 R8e7 46.
Rb6 R5e6 47. Kf3 d4 48. Kxf4 Rf7+ 49. Kg3 Rxb6 50. Rxb6 Rd7 51. Kf3 d3 52. Rb1 c4 53. g5 c3 54.
Ke3 c2 55. Rc1 d2 0-1

[Event "ONJK 2024 ABC"]
[Site "Velp, Netherlands"]
[Date "2024.08.08"]
[Round "9.4"]
[White "Blokzijl, Ruben"]
[Black "De Vries, Arjan"]
[Result "1/2-1/2"]
[TimeControl "90 minutes + 30 seconds"]
[WhiteElo "1743"]
[BlackElo "1843"]

1. e4 c5 2. Be2 Nc6 3. d3 g6 4.
f4 d6 5.
Nf3 Bg7 6. O-O Nf6 7. Qe1 O-O 8. Qh4 Bg4 9. Nbd2 Bxf3 10. Nxf3 Qb6 11. Kh1 c4 12. f5 cxd3 13. cxd3 Nd4 14.
Nxd4 Qxd4 15. Qf2 Qb4 16. a3 Qb3 17. Rb1 Rac8 18. Bd2 b6 19. Bc3 Rc7 20. e5 dxe5 21. Bxe5 Ng4 22. Bxg4 Bxe5 23.
fxg6 hxg6 24. Qe3 Bxb2 25. Bh5 Qxa3 26. Bxg6 fxg6 27. Qe6+ Kg7 28. Rxf8 Kxf8 29. Qxg6 Rc1+ 30. Rxc1 Bxc1 31.
Qf5+ Kg7 32. Qe5+ Kg6 33. Qe6+ Kh5 34. Qf5+ Bg5 35. Qh7+ Kg4 36. Qe4+ Kh5 1/2-1/2

[Event "ONJK 2024 ABC"]
[Site "Velp, Netherlands"]
[Date "2024.08.08"]
[Round "9.5"]
[White "Decraene, Lotus"]
[Black "Bernfeld, Ben"]
[Result "1-0"]
[TimeControl "90 minutes + 30 seconds"]
[WhiteElo "1799"]
[BlackElo "1438"]

1. e4 e5 2. Nf3 Nc6 3. Bc4 Nf6 4. d3 Bc5 5. Nc3 d6 6. Bg5 h6 7. Bxf6 Qxf6 8. Nd5 Qd8 9. c3 Bg4 10.
h3 Bh5 11. b4 Bb6 12. a4 a6 13. Qd2 Ne7 14. Nxb6 cxb6 15. Qe3 Rc8 16. O-O Bxf3 17. Qxf3 O-O 18. Rac1 Qd7 19. Bb3 Ng6 20.
Rfd1 Nf4 21. d4 Qe7 22. Kh2 Kh8 23. Rd2 f5 24. exf5 Qg5 25. Rcc2 Rxf5 26. g3 Ng6 27. Qg2 Rxc3 28.
h4 Rxc2 29. Rxc2 Qf6 30. dxe5 Nxe5 31. Rc8+ Kh7 32. Bc2 Kg6 33. h5+ Kxh5 34. Qh3+ Kg6 35. g4 Kg5 36. Qh5+ Kf4 37. Qxf5+ Qxf5 38.
Bxf5 g6 39. Be6 1-0

[Event "ONJK 2024 ABC"]
[Site "Velp, Netherlands"]
[Date "2024.08.08"]
[Round "9.6"]
[White "Blok, Xaveer"]
[Black "Frederiks, Jesse"]
[Result "0-1"]
[TimeControl "90 minutes + 30 seconds"]
[WhiteElo "1885"]
[BlackElo "1757"]

1. e4 Nc6 2. d4 d5 3. exd5 Qxd5 4. Nf3 e5 5. Nc3 Bb4 6. Bd2 Bxc3 7. Bxc3 e4 8. Ne5 Nxe5 9. dxe5 Ne7 10. Be2 Be6 11. f4 O-O-O 12. g3 Qc5 13. Qb1 Bh3 14. a3 Nd5 15. Bd2 Ne3 16. Bxe3 Qxe3 17. Qc1 Qc5 18. Bf1 Bxf1 19. Rxf1 e3 20. c4 Rd7 21. b4 Qd4 22. Ra2 Rhd8 23. Ke2 Qe4 24. Ke1 Rd1+ 25. Qxd1 Rxd1+ 26. Kxd1 Qb1+ 0-1

[Event "ONJK 2024 ABC"]
[Site "Velp, Netherlands"]
[Date "2024.08.08"]
[Round "9.7"]
[White "Madularea, David"]
[Black "Henckens, Elof"]
[Result "1-0"]
[TimeControl "90 minutes + 30 seconds"]
[WhiteElo "2190"]
[BlackElo "1707"]

1. e4 e5 2. Nf3 Nf6 3. Nxe5 d6 4. Nf3 Nxe4 5. Nc3 Nxc3 6. dxc3 Be7 7. Be3 O-O 8. Qd2 Nc6 9. O-O-O Be6 10.
Kb1 Qd7 11. h4 Rfb8 12. h5 b5 13. h6 g6 14. Bg5 a5 15. Bxe7 Qxe7 16. Nd4 Nxd4 17. Qxd4 f6 18. g3 Qf7 19.
Bg2 Ra6 20. b3 a4 21. Rhe1 Kh8 22. Re2 axb3 23. cxb3 c5 24. Qf4 g5 25. Qc1 c4 26. b4 Bg4 27. Bd5 Qg6+ 28. Be4 f5 29.
f3 fxe4 30. fxg4 Rd8 31. Rd5 Rda8 32. Rxg5 Qe6 33. Qd2 Rxa2 34. Qd4+ Qe5 35. Rxa2 1-0

[Event "ONJK 2024 ABC"]
[Site "Velp, Netherlands"]
[Date "2024.08.08"]
[Round "9.8"]
[White "Zhezheria, Maksym"]
[Black "Kool, Jesper"]
[Result "0-1"]
[TimeControl "90 minutes + 30 seconds"]
[WhiteElo "1626"]
[BlackElo "1823"]

1. d4 d5 2. c4 e6 3. Nf3 c5 4. cxd5 exd5 5. Nc3 Nf6 6. Bg5 cxd4 7. Bxf6 gxf6 8. Qxd4 Be6 9. a3 Nc6 10.
Qd3 Bc5 11. Na4 Qa5+ 12. Qc3 Qxa4 13. Qxc5 Qb3 14. Qc3 Qxc3+ 15. bxc3 Rc8 16. Rc1 Na5 17. Nd4 Nc4 18. e3 Ke7 19.
Bxc4 Rxc4 20. Kd2 Rhc8 21. Rb1 b6 22. Rhc1 Bd7 23. Rb4 R4c5 24. g3 Ra5 25. Rb3 Ba4 26. Rb4 Bd7 27. Ra1 Rac5 28.
Ne2 Kd6 29. Rh4 Bf5 30. Rf4 Ke5 31. a4 Rc4 32. Rxc4 Rxc4 33. Nd4 Bd7 34. a5 b5 35. a6 Kd6 36. Nc2 Rc6 37. Nb4 Rb6 38.
Ke2 Kc5 39. Rd1 Rd6 40. Rd4 h6 41. Kf3 Bc8 42. Rh4 Bxa6 43. Rxh6 Bb7 44. Nd3+ Kc4 45. Ne5+ Kxc3 46. Ke2 b4 47.
Nxf7 Ra6 48. Nd8 Ra2+ 49. Kf3 b3 50. Nxb7 b2 51. Rxf6 b1=Q 52. Rc6+ Kb4 53. Nd6 Qd1+ 54. Kg2 Qe2 55. Ne4 dxe4 56. Rf6 Ra1 57.
Kh3 Rh1 0-1

[Event "ONJK 2024 ABC"]
[Site "Velp, Netherlands"]
[Date "2024.08.08"]
[Round "9.9"]
[White "Helderman, Faas"]
[Black "Sapulette, Jay-Giani"]
[Result "0-1"]
[TimeControl "90 minutes + 30 seconds"]
[WhiteElo "1603"]
[BlackElo "1746"]

1. d4 Nf6 2. Bf4 g6 3. Nc3 d5 4.
e3 Bg7 5. Nf3 O-O 6. Be2 c6 7. h4 h5 8. Ne5 Nbd7 9. f3 Qb6 10. Rb1 Nxe5 11. Bxe5 Bh6 12. Bf4 Bxf4 13. exf4 Qc7 14.
g3 b5 15. Bd3 a5 16. Qe2 Rd8 17. O-O Qa7 18. Qf2 Ba6 19. Rfe1 Rab8 20. Rbd1 e6 21. Qe3 c5 22. dxc5 d4 23.
Qe5 dxc3 24. Qxf6 Qxc5+ 25. Kg2 Qd4 26. Qxd4 Rxd4 27. bxc3 Ra4 28. Rb1 Rc8 29. Bxb5 Bxb5 30. Rxb5 Rxc3 31.
Ree5 Rxc2+ 32. Kh3 Raxa2 0-1

[Event "ONJK 2024 ABC"]
[Site "Velp, Netherlands"]
[Date "2024.08.08"]
[Round "9.10"]
[White "Musabayev, Maxim"]
[Black "Vertongen, Jack"]
[Result "1-0"]
[TimeControl "90 minutes + 30 seconds"]
[WhiteElo "1824"]
[BlackElo "1674"]

1. e4 e5 2. f4 d6 3. Nf3 Nc6 4. Bb5 Bg4 5. h3 Bxf3 6. Qxf3 Nge7 7. O-O a6 8. Bc4 Nd4 9. Qd1 b5 10.
Bb3 Nxb3 11. axb3 Nc6 12. d3 Be7 13. f5 O-O 14. Nc3 Nd4 15. Be3 Bf6 16. Nd5 c6 17. Nxf6+ Qxf6 18. c3 c5 19. cxd4 cxd4 20. Bd2 Rfc8 21.
Qg4 Rc2 22. Bg5 1-0

[Event "ONJK 2024 ABC"]
[Site "Velp, Netherlands"]
[Date "2024.08.08"]
[Round "9.11"]
[White "Van Groning, Christian"]
[Black "Vagenende, Lars"]
[Result "1/2-1/2"]
[TimeControl "90 minutes + 30 seconds"]
[WhiteElo "1778"]
[BlackElo "1686"]

1. e4 e5 2. Nf3 Nc6 3. Bb5 a6 4. Ba4 Nf6 5. Nc3 Bc5 6. d3 h6 7. Be3 Bxe3 8. fxe3 b5 9. Bb3 Bb7 10.
Qe2 d6 11. d4 O-O 12. O-O-O Qe7 13. Nd5 Nxd5 14. exd5 Na5 15. dxe5 Nxb3+ 16. cxb3 dxe5 17. e4 f5 18. Rhg1 Rae8 19.
exf5 e4 20. Nd4 Bxd5 21. g4 Qg5+ 22. Kb1 e3 23. Rg3 Qf4 24. Nc2 Be4 25. Re1 Re5 26. Rxe3 Bxc2+ 27. Kxc2 Rxe3 28. Qxe3 Qxg4 29.
Qe6+ Kh8 30. Re5 1/2-1/2

[Event "ONJK 2024 ABC"]
[Site "Velp, Netherlands"]
[Date "2024.08.08"]
[Round "9.12"]
[White "Bosma, Jonathan"]
[Black "De Rycke, Killian"]
[Result "0-1"]
[TimeControl "90 minutes + 30 seconds"]
[WhiteElo "1668"]
[BlackElo "1751"]

1. d4 e6 2. c4 d5 3. Nc3 Bb4 4.
a3 Bxc3+ 5. bxc3 Nf6 6. Bg5 h6 7. Bh4 Nbd7 8. e3 O-O 9. Nf3 Re8 10. cxd5 exd5 11. c4 c6 12. Qb3 Qa5+ 13.
Qb4 Qxb4+ 14. axb4 dxc4 15. Bxc4 Nb6 16. Bxf6 Nxc4 17. Ne5 Nxe3 18. fxe3 gxf6 19. Nc4 b5 20. Na5 Rxe3+ 21. Kd2 Re6 22. Rhe1 Bd7 23. Nb7 Rxe1 24.
Rxe1 Be6 25. Nc5 Re8 26. Re3 Kf8 27. h3 Ke7 28. Ra3 Ra8 29. Ke3 f5 30. h4 Kd6 31. Nxe6 fxe6 32. Rc3 Rg8 33.
Kf3 Rg4 34. Ke3 Rxg2 35. Kf3 Rg4 0-1

[Event "ONJK 2024 ABC"]
[Site "Velp, Netherlands"]
[Date "2024.08.08"]
[Round "9.13"]
[White "Roebers, Bregje"]
[Black "Zhao, Nick"]
[Result "1-0"]
[TimeControl "90 minutes + 30 seconds"]
[WhiteElo "1796"]
[BlackElo "1836"]

1. Nf3 d5 2. g3 Nf6 3. Bg2 Bf5 4. O-O Qd7 5. d3 Nc6 6. Nbd2 e5 7. e4 dxe4 8. Nxe4 Nxe4 9. dxe4 Qxd1 10.
Rxd1 Bxe4 11. Nxe5 Bxg2 12. Kxg2 Nxe5 13. Re1 O-O-O 14. Rxe5 Rd1 15. Re3 Bc5 16. Re2 Rhd8 17. c3 a5 18.
b3 R8d3 19. Bb2 R3d2 20. Kf3 Rxe2 21. Kxe2 Rd6 22. c4 g6 23.
Bc3 b6 24. f3 Re6+ 25. Kd2 Kd7 26. Re1 h5 27. h3 Rd6+ 28. Ke2 Ke6 29. g4 f5 30. Rd1 Kf7 31. Rd5 Re6+ 32. Kd2 fxg4 33.
fxg4 hxg4 34. hxg4 Re4 35. Rd7+ Ke6 36. Rxc7 Rxg4 37. Rc6+ Kd7 38. Rf6 Rg2+ 39. Kd3 g5 40. Rg6 g4 41.
a3 g3 42. b4 axb4 43. axb4 Bf2 44. Be5 Rg1 45. c5 bxc5 46. bxc5 Rb1 47. c6+ Ke7 48. c7 Rc1 49. Rg8 Ke6 50.
Bf4 Kf5 1-0

[Event "ONJK 2024 ABC"]
[Site "Velp, Netherlands"]
[Date "2024.08.08"]
[Round "9.14"]
[White "De Jong, Lode"]
[Black "Georgopoulos, Mylo"]
[Result "1-0"]
[TimeControl "90 minutes + 30 seconds"]
[WhiteElo "1755"]
[BlackElo "1776"]

1. d4 c5 2. d5 Nf6 3. c4 d6 4.
Nc3 g6 5. e4 Bg7 6. h3 O-O 7. Nf3 Nbd7 8. Be2 b6 9. Bf4 Ba6 10. Qd2 Qc7 11. O-O-O Rfb8 12. Bh6 Bc8 13. Bxg7 Kxg7 14.
g4 b5 15. h4 h5 16. gxh5 Nxh5 17. Nxb5 Qb6 18. Ng5 Ne5 19. Rdg1 a6 20. Nc3 Nf4 21. Nd1 Nxe2+ 22. Qxe2 Qb4 23.
Ne3 Qa4 24. b3 Qb4 25. Qc2 a5 26. f4 a4 27. fxe5 axb3 28. Qxb3 Qa5 29. Qd3 Qxa2 30. Nc2 Ba6 31. Qf3 Rb1+ 32.
Kd2 Qa5+ 33. Qc3 Qxc3+ 34. Kxc3 Rxg1 35. Rxg1 dxe5 36. Rf1 Rf8 37. Ne1 Bc8 38. Nd3 f6 39. Nf3 f5 40. Nfxe5 e6 41.
Nxc5 exd5 42. exd5 f4 43. d6 f3 44. d7 Bxd7 45. Ncxd7 f2 46. Nxf8 1-0

[Event "ONJK 2024 ABC"]
[Site "Velp, Netherlands"]
[Date "2024.08.08"]
[Round "9.15"]
[White "De Wit, Evan"]
[Black "Meert, Maarin"]
[Result "1/2-1/2"]
[TimeControl "90 minutes + 30 seconds"]
[WhiteElo "1782"]
[BlackElo "1811"]

1. d4 d5 2. c4 c6 3. Nf3 Nf6 4.
e3 e6 5.
Bd3 Bd6 6. O-O O-O 7. Nbd2 Nbd7 8. b3 e5 9. cxd5 Nxd5 10. Bb2 exd4 11. Bxd4 Re8 12. Nc4 Bc7 13. Rc1 N7f6 14. h3 Ne4 15.
a3 h6 16. b4 Ng5 17. Nxg5 Qxg5 18. Qf3 h5 19. Nd2 Qh4 20. Bf5 Bxf5 21. Qxf5 g6 22. Qc2 Bb6 23. Bxb6 Nxb6 24. Nf3 Qe4 25.
Qe2 Rad8 26. Rfd1 Nd5 27. Qb2 Rd7 28. Rd4 Qe7 29. Rcd1 Red8 30. Qd2 Nb6 31. Qc2 Rxd4 32. Nxd4 Nd5 33.
Qc4 Nb6 34. Qc2 1/2-1/2

[Event "ONJK 2024 ABC"]
[Site "Velp, Netherlands"]
[Date "2024.08.08"]
[Round "9.16"]
[White "Koorevaar, Sarah-Joy"]
[Black "Vogels, Mathijs"]
[Result "1-0"]
[TimeControl "90 minutes + 30 seconds"]
[WhiteElo "1531"]
[BlackElo "1732"]

1. d4 d5 2. c4 c6 3. Nf3 e6 4.
g3 Nf6 5. Bg2 Bb4+ 6. Bd2 Bxd2+ 7. Nbxd2 O-O 8. O-O Re8 9. Qc2 Nbd7 10. Rac1 e5 11. dxe5 Nxe5 12. Rfd1 Qe7 13. cxd5 Nxd5 14.
Nb3 Nxf3+ 15. Bxf3 Be6 16. a3 Rad8 17. Nc5 Nb6 18. e3 Bc4 19. Na4 Nxa4 20. Qxa4 b5 21. Qa6 Rb8 22. Qxc6 Rb6 23.
Qd7 Qxd7 24. Rxd7 a5 25. Ra7 a4 26. Rd1 Rbb8 27. Rdd7 g6 28. Rab7 Rbc8 29. Bd5 Rf8 30. Bxc4 bxc4 31.
Ra7 Rb8 32. Rxa4 Rxb2 33. Rxc4 Ra8 34. Rcc7 Rf8 35. Ra7 Ra2 36. a4 Rc2 37. a5 Rcc8 38. Kg2 Kg7 39. Kf3 Kf6 40. Kf4 g5+ 41.
Ke4 Rfe8+ 42. Kd4 Red8 43. Rxd8 Rxd8+ 44. Kc5 Ke6 45. Kb5 Rd5+ 46. Ka4 Rd2 47. Rb7 Rxf2 48. Kb5 Rb2+ 49. Ka6 Ra2 50.
Rb5 f6 51. Kb6 Kd6 52. a6 Rc2 53. a7 Rc6+ 54. Kb7 Rc7+ 55. Kb8 Kd7 56. Rd5+ Kc6 57. a8=Q+ 1-0

[Event "ONJK 2024 ABC"]
[Site "Velp, Netherlands"]
[Date "2024.08.08"]
[Round "9.17"]
[White "Hesse, Frederik"]
[Black "Bloemberg, Jesper"]
[Result "1/2-1/2"]
[TimeControl "90 minutes + 30 seconds"]
[WhiteElo "1684"]
[BlackElo "1692"]

1. d4 Nf6 2. c4 g6 3. Nc3 Bg7 4. Bf4 O-O 5. Qd2 d6 6. Nf3 Nbd7 7. Bh6 e5 8. Bxg7 Kxg7 9. O-O-O e4 10.
Ng5 Re8 11. Qf4 Qe7 12. f3 e3 13. g4 h6 14. Nge4 Nxe4 15. Nxe4 Nf6 16. g5 hxg5 17. Nxg5 Nh5 18. Qe4 Qd8 19.
Qd5 f6 20. Qf7+ Kh6 21. Qh7+ Kxg5 22. Rg1+ Kf4 23. d5 Bf5 24. Bh3 Rh8 25. Qf7 Qf8 26. Rd4+ Ke5 27. Re4+ Bxe4 28. Qe6+ Kd4 29.
Qxe4+ Kc5 30. Qxe3+ Kxc4 31. Qd3+ Kc5 32. Kb1 Kb6 33. Qb3+ Ka6 34. Qa4+ Kb6 35. Qd4+ 1/2-1/2

[Event "ONJK 2024 ABC"]
[Site "Velp, Netherlands"]
[Date "2024.08.08"]
[Round "9.18"]
[White "Dijkhuijsen, Thomas"]
[Black "Hardeman, Imara"]
[Result "1/2-1/2"]
[TimeControl "90 minutes + 30 seconds"]
[WhiteElo "1750"]
[BlackElo "1549"]

1. e4 c6 2. d4 d5 3. Nc3 dxe4 4. Nxe4 Bf5 5. Ng3 Bg6 6. Nf3 e6 7. Bd3 Bxd3 8. Qxd3 Nf6 9. O-O Be7 10. b3 O-O 11. Bb2 Nbd7 12. Rad1 Qc7 13. c4 Rfd8 14.
Qc3 Rac8 15. Ne5 Bd6 16. f4 Re8 17. c5 Be7 18. Nc4 Nd5 19. Qf3 N7f6 20. Ne4 Nxe4 21. Qxe4 Red8 22. Ne3 Nxe3 23.
Qxe3 Rd5 24. b4 Bf6 25. Rd3 Rcd8 26. Rfd1 Qd7 27. Ra3 a6 28. Rad3 Qc7 29. Qd2 Qd7 30. a4 Qc7 31. a5 Qd7 32.
g4 g6 33. g5 Bg7 34. h4 e5 35. fxe5 Bxe5 36. Qe2 Bg7 37. Qf3 Rf5 38. Qg3 Rd5 1/2-1/2

[Event "ONJK 2024 ABC"]
[Site "Velp, Netherlands"]
[Date "2024.08.08"]
[Round "9.19"]
[White "Lejzerowicz, Nathan"]
[Black "Zeenni, Joseph"]
[Result "0-1"]
[TimeControl "90 minutes + 30 seconds"]
[WhiteElo "1668"]
[BlackElo "1688"]

1. c4 e5 2. Nc3 Bb4 3. g3 Bxc3 4. bxc3 d6 5. Bg2 Ne7 6. d3 O-O 7. Nf3 Nbc6 8. O-O Bf5 9. Re1 Qd7 10.
Rb1 b6 11. Be3 Bh3 12. Bh1 f5 13. Bg2 f4 14. Bd2 h6 15. Rf1 Rf6 16. e3 Raf8 17. exf4 exf4 18. Qe2 g5 19. Qd1 Bxg2 20.
Kxg2 fxg3 21. Ng1 gxf2 22. Nh3 Rf3 23. Nxf2 Ne5 24. Qe2 Qf5 25. Be3 Nxd3 26. Qxd3 Qxd3 27. Nxd3 Rxe3 28. Rxf8+ Kxf8 29.
Rf1+ Kg7 30. Rf3 Re2+ 31. Rf2 Re3 32. Rf3 Rxf3 33. Kxf3 Nc6 34. Ke4 Ne5 35. Nxe5 dxe5 36. c5 Kf6 37.
cxb6 cxb6 38. a4 Ke6 39. c4 a5 40. h3 h5 41. Ke3 Kf5 42. Kf3 g4+ 43. hxg4+ hxg4+ 44. Ke3 e4 45. Kf2 Kf4 46.
Ke2 g3 47. Kf1 Kf3 48. c5 g2+ 49. Kg1 bxc5 50. Kh2 Kf2 51. Kh3 g1=Q 52. Kh4 Kf3 53. Kh5 Kf4 54. Kh6 Kf5 55. Kh7 Kf6 56.
Kh8 Qg7# 0-1

[Event "ONJK 2024 ABC"]
[Site "Velp, Netherlands"]
[Date "2024.08.08"]
[Round "9.20"]
[White "Maes, Lander"]
[Black "Breider, Jayden"]
[Result "0-1"]
[TimeControl "90 minutes + 30 seconds"]
[WhiteElo "1645"]
[BlackElo "1594"]

1. e4 c5 2. Nc3 d6 3. g3 Nc6 4. Bg2 g6 5. d3 Bg7 6. Be3 Rb8 7. f4 e6 8. Nf3 Nge7 9. Qd2 O-O 10.
h3 b5 11. g4 b4 12. Nd1 Qc7 13. g5 a5 14. h4 a4 15. c3 e5 16. fxe5 Nxe5 17. Nxe5 Bxe5 18. Bf4 d5 19. O-O Be6 20.
d4 Bxf4 21. Rxf4 cxd4 22. cxd4 Rfc8 23. Ne3 Qxf4 0-1